 Dungeon Crawl Stone Soup version 0.31.0-12-g77e489cdc1 (webtiles) character file.

Game seed: 5381929244959251240

1948 WickWood the Conjurer (level 9, -10/64 HPs)
             Began as an Octopode Conjurer on Feb 18, 2024.
             Was an Initiate of Gozag.
             Mangled by a two-headed ogre
             ... wielding a +0 great mace
              (19 damage)
             ... on level 8 of the Dungeon.
             The game lasted 00:17:58 (10594 turns).

WickWood the Conjurer (Octopode Conjurer)          Turns: 10594, Time: 00:17:59

Health: -10/64     AC:  2    Str:  6    XL:     9   Next: 18%
Magic:  0/13       EV: 13    Int: 24    God:    Gozag
Gold:   826        SH:  0    Dex: 11    Spells: 7/14 levels left

rFire   . . .        o - +0 dagger (venom)
rCold   . . .        (no shield)
rNeg    . . .        z - +1 hat
rPois   .            (no amulet)
rElec   .            (no ring)
rCorr   .            (no ring)
SInv    .            (no ring)
Will    .....        (no ring)
Stlth   +++          (no ring)
HPRegen 0.30/turn    (no ring)
MPRegen 0.13/turn    (no ring)
                     (no ring)

%: no passive effects
@: very slightly contaminated, invisible
A: almost no armour, amphibious, 8 rings, camouflage 1, gelatinous body 1,
(nimble swimmer 1), tentacles
a: Renounce Religion, Potion Petition, Call Merchant, Bribe Branch


You were on level 8 of the Dungeon.
You worshipped Gozag.
Gozag was pleased with you.
You visited 1 branch of the dungeon, and saw 8 of its levels.
You also visited: Ossuary.

You collected 923 gold pieces.
You spent 60 gold pieces at shops.
You paid 37 gold pieces to Gozag.


Innate Abilities, Weirdness & Mutations

You cannot wear most types of armour.
You are amphibious.
You can wear up to eight rings at the same time.
Your skin changes colour to match your surroundings (Stealth+).
Your rubbery body absorbs attacks. (AC +1, EV +1)
((You are camouflaged when in or above water. (Stealth+)))
You have tentacles for arms and can constrict up to eight enemies at once.


   Skills:
 - Level 7.0 Fighting
 - Level 3.0 Dodging
 - Level 3.0 Stealth
 - Level 3.0 Spellcasting
 + Level 7.7 Conjurations
 - Level 6.0 Alchemy


You had 7 spell levels left.
You knew the following spells:

 Your Spells              Type           Power      Damage    Failure   Level
f - Fulminant Prism       Conj/Alch      18%        3d10      6%          4
m - Magic Dart            Conj           100%       1d8       1%          1
s - Searing Ray           Conj           80%        2d7       1%          2

Your spell library contained the following spells:

 Spells                   Type           Power      Damage    Failure   Level
 Iskenderun's Mystic Bla  Conj/Tloc      22%        2d6       22%         4
 Passage of Golubria      Tloc           3%         N/A       71%         4
 Silence                  Hex/Air        1%         N/A       96%         5
 Lehudib's Crystal Spear  Conj/Erth      11%        10d4      100%        8

Inventory:

Hand Weapons
 o - a +0 dagger of venom (weapon)
Missiles
 v - 3 throwing nets {=f}
Armour
 z - a +1 hat (worn)
Talismans
 g - a beast talisman
Wands
 u - a wand of roots (15)
 y - a wand of digging (3)
Scrolls
 d - 2 scrolls of revelation {unknown}
 h - 3 scrolls of enchant armour {unknown}
 i - 3 scrolls of fear {unknown}
 k - 2 scrolls of blinking {unknown}
 l - a scroll of poison {unknown}
 m - 3 scrolls of noise {unknown}
 n - 3 scrolls of enchant weapon {unknown}
 p - 4 scrolls of immolation {unknown}
 q - 6 scrolls of teleportation {unknown}
 t - a scroll of brand weapon {unknown}
Potions
 a - a potion of magic
 b - 5 potions of heal wounds {@q2}
 c - 2 potions of ambrosia
 e - 3 potions of enlightenment
 f - 4 potions of might
 j - 4 potions of invisibility
 r - a potion of haste {@q3}
 s - a potion of lignification
 w - a potion of mutation
 x - a potion of brilliance
 A - a potion of cancellation
 B - a potion of resistance {unknown}

Dungeon Overview and Level Annotations

Branches:
Dungeon (8/15)             Temple (0/1) D:5         Ossuary (visited)
   Lair: D:8-11

Altars:
Fedhas
Gozag
Nemelex Xobeh
Ru
Trog
Wu Jian
Xom
Yredelemnul
Zin

Shops:
D:4

* ...............
.................
..................
..................
..................
..................
..................
.......@..........
....)...O.........
..................
##########........
#........
#........
#........
#........
#........


You could see a two-headed ogre (unable to see you, very poisoned).


Message History

Confirm with . or Enter, or press ? or * to list all spells.
You don't have enough magic to cast this spell.
Unknown command.
Casting: Fulminant Prism (dangerous; 6% risk of failure)
Confirm with . or Enter, or press ? or * to list all spells.
Aiming: Searing Ray (safe; 1% risk of failure)
Press: ? - help, Shift-Dir - straight line, f - two-headed ogre
Aim: a two-headed ogre, wielding a +0 great mace and a +0 giant spiked club (heavily wounded, 91% to hit)
The searing ray misses the two-headed ogre. (Press . to maintain the ray.)
The two-headed ogre hits you with a +0 great mace!!
The two-headed ogre misses you.
There are no items here.
Without enough magic to sustain it, your searing ray dissipates.
The two-headed ogre hits you with a +0 great mace.
* * * LOW HITPOINT WARNING * * *
The two-headed ogre hits you with a +0 giant spiked club!!
* * * LOW HITPOINT WARNING * * *
Unknown command.
You hit the two-headed ogre but do no damage.
The two-headed ogre is poisoned.
The two-headed ogre is heavily wounded.
Unknown command.
Okay, then.
You fade into invisibility!
The two-headed ogre hits you with a +0 great mace.
* * * LOW HITPOINT WARNING * * *
The two-headed ogre hits you with a +0 giant spiked club!!
You die...
Your body crumbles into a pile of gold.

Skill      XL: |  1  2  3  4  5  6  7  8 |
---------------+-------------------------+-----
Fighting       | 1 2 3 5 7 |  7.0
Conjurations   | 5 6 7 |  7.7
Spellcasting   | 3 |  3.0
Stealth        | 3 |  3.0
Alchemy        | 1 4 6 |  6.0
Dodging        | 3 |  3.0

Action                     |  1- 3 |  4- 6 |  7- 9 || total
---------------------------+-------+-------+-------++-------
  Melee: Dagger            |    31 |    39 |   112 ||   182
         Unarmed           |     4 |       |       ||     4
         Constrict         |    10 |     9 |    29 ||    48
         Tentacles         |     8 |     8 |    39 ||    55
         Punch             |       |     2 |     5 ||     7
   Cast: Magic Dart        |     7 |       |     3 ||    10
         Searing Ray       |    16 |    18 |    40 ||    74
         Fulminant Prism   |       |       |     5 ||     5
    Use: Scroll            |       |       |    10 ||    10
         Potion            |       |       |     3 ||     3
   Stab: Sleeping          |     4 |     2 |     5 ||    11
 Armour: Skin              |    16 |    19 |    91 ||   126
  Dodge: Dodged            |    15 |    17 |   102 ||   134

Levels and vault maps discovered:
D:1:      saegor_arrival_simple_b, layout_loops_cross, minmay_tripent
D:2:      layout_basic, basic_altar
D:3:      layout_rooms, lemuel_round_altar, minitemple
D:4:      layout_basic, serial_shops, shop
D:5:      layout_basic, temple_fountains, uniq_eustachio
D:6:      layout_basic, trog_book, nicolae_ossuary_entry_false_entrances
D:7:      layout_loops_corners, nicolae_overflow_hallway_of_the_gods
D:8:      layout_basic, nicolae_tso_carved_into_rock,
          mainiacjoe_overflow_catwalk, nicolae_hepliaklqana_hazy_memory

Notes
Turn   | Place    | Note
-------+----------+-------------------------------------------
     0 | D:1      | WickWood the Octopode Conjurer began the quest for the Orb.
     0 | D:1      | Reached XP level 1. HP: 11/11 MP: 3/3
   281 | D:1      | Reached skill level 1 in Fighting
   437 | D:1      | Reached XP level 2. HP: 18/18 MP: 1/5
   440 | D:1      | Learned a level 2 spell: Searing Ray
   826 | D:2      | Reached skill level 2 in Fighting
  1138 | D:2      | Reached XP level 3. HP: 22/24 MP: 1/6
  1678 | D:2      | Found a blossoming altar of Fedhas.
  2478 | D:3      | Reached skill level 5 in Conjurations
  2478 | D:3      | Reached XP level 4. HP: 29/29 MP: 3/7
  2752 | D:3      | Reached skill level 3 in Fighting
  2928 | D:3      | Reached XP level 5. HP: 36/36 MP: 0/8
  3305 | D:3      | Found an ornate altar of the Wu Jian Council.
  3307 | D:3      | Found a blossoming altar of Fedhas.
  3426 | D:3      | Found an opulent altar of Gozag.
  3439 | D:3      | Became a worshipper of Gozag Ym Sagoz the Greedy
  3620 | D:4      | Reached skill level 4 in Fighting
  3746 | D:4      | Noticed a phantom
  3752 | D:4      | Killed a phantom
  3753 | D:4      | Reached skill level 5 in Fighting
  3753 | D:4      | Reached XP level 6. HP: 45/45 MP: 3/9
  4222 | D:4      | Found Zued's General Store.
  4500 | D:5      | Entered Level 5 of the Dungeon
  4515 | D:5      | Reached skill level 3 in Spellcasting
  4515 | D:5      | Reached skill level 3 in Stealth
  4520 | D:5      | Learned a level 4 spell: Fulminant Prism
  4689 | D:5      | Found a staircase to the Ecumenical Temple.
  4718 | D:5      | Reached skill level 1 in Alchemy
  4855 | D:5      | Reached XP level 7. HP: 43/50 MP: 11/11
  5101 | D:5      | Noticed Eustachio
  5116 | D:5      | Killed Eustachio
  5117 | D:5      | Reached skill level 3 in Dodging
  5117 | D:5      | Reached skill level 2 in Alchemy
  5117 | D:5      | Reached skill level 3 in Alchemy
  5945 | D:4      | Bought a scroll of identify for 20 gold pieces
  5945 | D:4      | Bought a scroll of identify for 20 gold pieces
  5945 | D:4      | Bought a scroll of identify for 20 gold pieces
  6204 | D:6      | Reached skill level 6 in Conjurations
  6449 | D:6      | Found a sand-covered staircase.
  6487 | D:6      | Reached skill level 4 in Alchemy
  6487 | D:6      | Reached XP level 8. HP: 55/55 MP: 9/12
  6488 | Ossuary  | Entered an ossuary
  6684 | Ossuary  | Reached skill level 5 in Alchemy
  7189 | Ossuary  | Reached skill level 6 in Fighting
  7549 | Ossuary  | Reached skill level 7 in Fighting
  8040 | D:6      | Found a bloodstained altar of Trog.
  8208 | D:7      | Reached skill level 6 in Alchemy
  8435 | D:7      | Found a sacrificial altar of Ru.
  8570 | D:7      | Found a sparkling altar of Nemelex Xobeh.
  8573 | D:7      | Found a basalt altar of Yredelemnul.
  8577 | D:7      | Found a shimmering altar of Xom.
  8583 | D:7      | Found a glowing silver altar of Zin.
  9732 | D:7      | Reached skill level 7 in Conjurations
  9732 | D:7      | Reached XP level 9. HP: 31/64 MP: 5/13
 10145 | D:7      | Found a sacrificial altar of Ru.
 10263 | D:7      | Found a sparkling altar of Nemelex Xobeh.
 10266 | D:7      | Found a basalt altar of Yredelemnul.
 10266 | D:7      | Found a shimmering altar of Xom.
 10273 | D:7      | Found a glowing silver altar of Zin.
 10424 | D:8      | Noticed a two-headed ogre
 10425 | D:8      | Noticed a two-headed ogre
 10594 | D:8      | Mangled by a two-headed ogre

Vanquished Creatures
  A yak (D:8)
  Eustachio (D:5)
  An orc warrior (D:7)
  A phantom (D:4)
  A bullfrog (D:8)
  A scorpion (D:6)
  7 water moccasin zombies (Ossuary)
  A burial acolyte (Ossuary)
  3 howler monkeys (D:7)
  5 bombardier beetles
  4 hounds
  2 orc priests
  A spectral scorpion (Ossuary)
  An iguana (D:7)
  6 orc wizards
  A crocodile zombie (Ossuary)
  2 mummies (Ossuary)
  3 gnolls (D:6)
  5 adders
  A shadow imp (D:5)
  2 white imps (D:5)
  4 ufetubi
  An adder zombie (Ossuary)
  2 dart slugs
  A ribbon worm (D:2)
  27 orcs
  A bat (D:2)
  4 endoplasms
  3 giant cockroaches
  7 goblins
  3 hobgoblins
  4 kobolds
  3 quokkas
  6 ball pythons
  2 frilled lizards (D:1)
  9 gnoll zombies (Ossuary)
  A jackal zombie (Ossuary)
  3 orc zombies (Ossuary)
  3 rats (D:2)
134 creatures vanquished.

Vanquished Creatures (others)
  5 fulminant prisms
5 creatures vanquished.

Grand Total: 139 creatures vanquished

Table legend: (Time is in decaauts)
 A = Elapsed time spent in this place.
 B = Non-inter-level travel time spent in this place.
 C = Inter-level travel time spent in this place.
 D = Time resting spent in this place.
 E = Time spent auto-exploring this place.
 F = Levels seen in this place.
 G = Mean time per level.
                   A        B        C        D        E       F      G
               +--------+--------+--------+--------+--------+-----+--------+
         Total |  10594 |  10362 |    232 |   3378 |   5899 |   9 | 1177.1 |
       Dungeon |   9384 |   9152 |    232 |   2519 |   5685 |   8 | 1173.0 |
       Ossuary |   1209 |   1209 |      0 |    859 |    214 |   1 | 1209.0 |
               +--------+--------+--------+--------+--------+-----+--------+

Top non-repeatable levels by time:
     D:7: 2243 daAuts
     D:2: 1645 daAuts
     D:5: 1434 daAuts
 Ossuary: 1209 daAuts
     D:6: 1074 daAuts
     D:4: 993 daAuts
     D:1: 953 daAuts
     D:3: 950 daAuts
     D:8: 90 daAuts

Table legend:
 A = Non-vault XP
 B = Vault XP
 C = Vault XP percentage of total XP
 D = Non-vault monster count
 E = Vault monster count
 F = Vault count percentage of total count
                 A         B        C        D         E       F
            +---------+---------+-------+---------+---------+-------
      Total |    1836 |     948 |  34.1 |     106 |      28 |  20.9
            +---------+---------+-------+---------+---------+-------
        D:1 |      16 |       1 |   5.9 |       8 |       1 |  11.1
        D:2 |      60 |       0 |   0.0 |      20 |       0 |   0.0
        D:3 |     109 |       0 |   0.0 |      11 |       0 |   0.0
        D:4 |     279 |       0 |   0.0 |      16 |       0 |   0.0
        D:5 |     238 |     185 |  43.7 |      11 |       1 |   8.3
        D:6 |     384 |       0 |   0.0 |      21 |       0 |   0.0
        D:7 |     447 |       0 |   0.0 |      17 |       0 |   0.0
        D:8 |     303 |       0 |   0.0 |       2 |       0 |   0.0
    Ossuary |       0 |     762 | 100.0 |       0 |      26 | 100.0
            +---------+---------+-------+---------+---------+-------
